 Dungeon Crawl Stone Soup version 0.25.1-2-g60ff931df9 (webtiles) character file.

Game seed: 17189639546286987849

32 Johnny the Digger (level 2, -1/20 HPs)
             Began as a Demigod Earth Elementalist on Oct 25, 2020.
             Succumbed to Sigmund's poison
             ... on level 1 of the Dungeon.
             The game lasted 00:01:04 (1262 turns).

Johnny the Digger (Demigod Earth Elementalist)      Turns: 1262, Time: 00:01:05

Health: -1/20      AC:  2    Str: 11    XL:     2   Next: 93%
Magic:  7/7        EV: 12    Int: 19    God:
Gold:   108        SH:  0    Dex: 16    Spells: 4/5 levels left

rFire    . . .     SeeInvis .   h - +2 spear (venom)
rCold    . . .     Gourm    .   (no shield)
rNeg     . . .     Faith    .   c - +0 robe
rPois    .         Spirit   .   (no helmet)
rElec    .         Reflect  .   (no cloak)
rCorr    .         Harm     .   (no gloves)
MR       .....                  (no boots)
Stlth    ++........             (no amulet)
HPRegen  0.06/turn              (no ring)
MPRegen  0.10/turn              (no ring)

@: lethally poisoned (-1 -> -38)
A: high mp 1
a: no special abilities


You were on level 1 of the Dungeon.
You were not hungry.

You visited 1 branch of the dungeon, and saw 2 of its levels.

You collected 108 gold pieces.

Inventory:

Hand Weapons
 h - a +2 spear of venom (weapon)
Missiles
 b - 20 stones (quivered)
Armour
 c - a +0 robe (worn)
Scrolls
 a - 2 scrolls of remove curse {unknown}
 f - 4 scrolls of identify {unknown}
 g - 2 scrolls of teleportation {unknown}
 i - a scroll of blinking {unknown}
 j - 2 scrolls of magic mapping {unknown}
Potions
 e - a potion of mutation {unknown}
Comestibles
 d - 4 rations


   Skills:
 - Level 1.7 Dodging
 - Level 1.7 Stealth
 + Level 2.2 Spellcasting
   Level 0.8 Transmutations
 * Level 3.5 Earth Magic


You had 4 spell levels left.
You knew the following spells:

 Your Spells              Type           Power        Failure   Level  Hunger
a - Sandblast             Erth           ###...       3%          1    #......

Your spell library contained the following spells:

 Spells                   Type           Power        Failure   Level  Hunger
 Passwall                 Tmut/Erth      ##......     10%         2    ##.....
 Stone Arrow              Conj/Erth      #.....       24%         3    ###....
 Petrify                  Tmut/Erth      ##......     54%         4    #####..
 Lee's Rapid Deconstruct  Erth           ###.......   71%         5    ######.


Dungeon Overview and Level Annotations

Branches:
Dungeon (2/15)

Annotations:
D:1 Sigmund


Innate Abilities, Weirdness & Mutations

You have an increased reservoir of magic. (+10% MP)


Message History

It was a potion of heal wounds.
You feel much better.
You feel sick.
Unknown command.
There is a lethal amount of poison in your body!
There is a lethal amount of poison in your body!
Deactivating autopickup; reactivate with Ctrl-A.
You hit something.
You feel sick. Something hits you.
You are more poisoned.
You closely miss something.
You feel sick. Something hits you.
* * * LOW HITPOINT WARNING * * *
You are more poisoned.
You feel much better.
You feel very sick.
You feel very sick. Something hits you!
You are more poisoned.
* * * LOW HITPOINT WARNING * * *
You feel very sick.
* * * LOW HITPOINT WARNING * * *
You feel sick.
You die...

###.........# #.# ####.#
####'....8..# #.# #.#
.##.##......# ##.## #.#
.##..###....#####...######.#
.###...#....##..>.#........#
.#####.##...##.##...########
..####.##'..##.#.>.##
#......#.#..##.#.###
..######.##.##.#@# '##
#....##.##.#.#
.####.#.###.##.#.#
.'..#.#.#.'......#######
.##.#.#.#.#.##.>.......#
'##.#.#...#.##########.#
.##...#####.# #.#
.######..#..# #.#
.....#..#'..# #.#


There were no monsters in sight!

Vanquished Creatures
  2 dart slugs
  2 leopard geckos
  A giant cockroach (D:1)
  4 goblins
  5 hobgoblins
  2 jackals (D:2)
  2 bats (D:1)
  A frilled lizard (D:1)
  3 kobolds
22 creatures vanquished.

Notes
Turn   | Place    | Note
-------+----------+-------------------------------------------
     0 | D:1      | Johnny the Demigod Earth Elementalist began the quest for
                  | the Orb.
     0 | D:1      | Reached XP level 1. HP: 14/14 MP: 5/5
   345 | D:1      | Reached skill level 3 in Earth Magic
   475 | D:1      | Reached XP level 2. HP: 20/20 MP: 7/7
  1106 | D:2      | Noticed Sigmund
  1262 | D:1      | Succumbed to Sigmund's poison

Illustrated notes

Levels and vault maps discovered:
D:1:      nicolae_arrival_somewhat_less_tricky_arrival, layout_loops_ring,
          hex_medium
D:2:      layout_basic, nemelex_dance_club_becter, uniq_sigmund, uniq_terence

Skill      XL: |  1 |
---------------+----+-----
Earth Magic    | 3 |  3.5
Spellcasting   | 2 |  2.2
Dodging        | |  1.7
Stealth        | |  1.7
Transmutations | |  0.8

Action                   || total
-------------------------++-------
Melee: Unarmed           ||    16
       Spear             ||    37
 Cast: Sandblast         ||    10
  Use: Potion            ||     2
 Stab: Sleeping          ||     4
       Distracted        ||     1
  Eat: Chunk             ||     1
Armor: Robe              ||     5
Dodge: Dodged            ||    29
